 Dungeon Crawl Stone Soup version 0.30.0 (webtiles) character file.

Game seed: 1792239317857502006

99 SeerSkye the Ruffian (level 4, -4/35 HPs)
             Began as a Ghoul Conjurer on May 6, 2023.
             Was a Follower of Sif Muna.
             Slain by Ijyb
             ... wielding a +4 club
              (6 damage)
             ... on level 4 of the Dungeon.
             The game lasted 00:19:12 (2747 turns).

SeerSkye the Ruffian (Ghoul Conjurer)               Turns: 2747, Time: 00:19:13

Health: -4/35      AC:  5    Str: 12    XL:     4   Next: 72%
Magic:  4/6        EV: 11    Int: 13    God:    Sif Muna [*.....]
Gold:   167        SH:  0    Dex:  7    Spells: 4/7 levels left

rFire   . .          .
                       - Unarmed
rCold   + . .        (no shield)
rNeg    + + +        a - +0 robe
rPois   ∞            o - +0 helmet
rElec   .            m - +0 cloak
rCorr   .            (no gloves)
SInv    .            i - +0 pair of boots
Will    .....        (no amulet)
Stlth   ++           (no ring)
HPRegen 0.00/turn    (no ring)
MPRegen 0.10/turn

%: no passive effects
@: inhibited regen, hasted, very quick
A: claws 1, cold resistance 1, negative energy resistance 3, inhibited
regeneration, torment resistance 2, devour on kill
a: Renounce Religion, Channel Magic


You were on level 4 of the Dungeon.
You worshipped Sif Muna.
Sif Muna was aware of your devotion.
You visited 1 branch of the dungeon, and saw 4 of its levels.

You collected 167 gold pieces.

Inventory:

Armour
 a - a +0 robe (worn)
 i - a +0 pair of boots (worn)
 m - a +0 cloak (worn)
 o - a +0 helmet (worn)
Magical Staves
 j - a staff of death
Scrolls
 f - a scroll of noise {unknown}
 g - 2 scrolls of summoning {unknown}
 h - 2 scrolls of blinking {unknown}
 k - 2 scrolls of immolation {unknown}
 l - a scroll of teleportation {unknown}
 n - a scroll of poison {unknown}
 q - a scroll of fog {unknown}
Potions
 b - a potion of magic
 d - a potion of heal wounds {unknown}
 e - 2 potions of curing {@q1}
 p - a potion of attraction {unknown}


   Skills:
 - Level 1.5 Fighting
 - Level 1.7 Dodging
 - Level 2.1 Stealth
 + Level 3.6 Unarmed Combat
 - Level 2.0 Spellcasting
 * Level 3.4 Conjurations


You had 4 spell levels left.
You knew the following spells:

 Your Spells              Type           Power      Damage    Failure   Level
a - Magic Dart            Conj           40%        1d5       6%          1
b - Searing Ray           Conj           20%        2d5       10%         2

Your spell library contained the following spells:

 Spells                   Type           Power      Damage    Failure   Level
 Dazzling Flash           Conj/Hex       10%        N/A       36%         3
 Volatile Blastmotes      Fire/Tloc      2%         2d10      58%         3
 Fulminant Prism          Conj/Hex       2%         3d5       77%         4
 Iskenderun's Mystic Bla  Conj/Tloc      5%         2d3       77%         4
 Starburst                Conj/Fire      2%         6d3       100%        6


Dungeon Overview and Level Annotations

Branches:
Dungeon (4/15) Zot: 21261
 Temple: D:4-7

Altars:
Dithmenos
Sif Muna
Uskayaw

Annotations:
D:3 Natasha
D:4 Ijyb


Innate Abilities, Weirdness & Mutations

You are immune to poison.
You have sharp fingernails.
Your flesh is cold resistant. (rC+)
You are immune to negative energy. (rN+++)
You do not regenerate when monsters are visible.
You are immune to unholy pain and torment.
You thrive by killing the living.


Message History

* * * LOW HITPOINT WARNING * * *
You closely miss Ijyb.
Ijyb is severely wounded.
You scratch Ijyb but do no damage.
Ijyb is severely wounded.
Ijyb hits you with a +4 club.
* * * LOW HITPOINT WARNING * * *
You barely miss Ijyb.
Ijyb is severely wounded.
You scratch Ijyb but do no damage.
Ijyb is severely wounded.
Ijyb hits you with a +4 club.
* * * LOW HITPOINT WARNING * * *
You are too injured to fight recklessly!
Casting: Searing Ray (safe; 10% risk of failure)
Confirm with . or Enter, or press ? or * to list all spells.
Aiming: Magic Dart (safe; 6% risk of failure)
Press: ? - help, Shift-Dir - straight line, f/p - Ijyb
Aim: Ijyb, wielding a +4 club, wearing a +0 ring mail and carrying a wand of roots (6) (severely wounded, 100% to hit)
The magic dart hits Ijyb.
Ijyb is almost dead.
Ijyb hits you with a +4 club.
* * * LOW HITPOINT WARNING * * *
Magic courses through your body. Ijyb misses you.
Casting: Magic Dart (safe; 6% risk of failure)
Confirm with . or Enter, or press ? or * to list all spells.
Aiming: Magic Dart (safe; 6% risk of failure)
Press: ? - help, Shift-Dir - straight line, f/p - Ijyb
Aim: Ijyb, wielding a +4 club, wearing a +0 ring mail and carrying a wand of roots (6) (almost dead, 100% to hit)
The magic dart hits Ijyb but does no damage.
Ijyb is almost dead.
Casting: Magic Dart (safe; 6% risk of failure)
Confirm with . or Enter, or press ? or * to list all spells.
Aiming: Magic Dart (safe; 6% risk of failure)
Press: ? - help, Shift-Dir - straight line, f/p - Ijyb
Aim: Ijyb, wielding a +4 club, wearing a +0 ring mail and carrying a wand of roots (6) (almost dead, 100% to hit)
The magic dart hits Ijyb but does no damage.
Ijyb is almost dead.
Ijyb hits you with a +4 club.
You die...

#....#.###.#....# #..
............## ##
....##.....##..$. #..
#.#...........#.#
#.###.#.#.#...#.#.#.#
#####.......##.#.#..#..##
.>...................)...
.......g.###.#####.###.##
########@# #.#####.# #.#
#.# #......<# #.# #.#
######### #.# #.# #.# #.#
#.# #.#############.#
#...............#
#################


You could see Ijyb.

Vanquished Creatures
  2 adders (D:2)
  A worm (D:2)
  2 dart slugs (D:1)
  An orc (D:3)
  9 endoplasms
  2 giant cockroaches
  5 goblins (D:1)
  10 hobgoblins
  4 jackals (D:1)
  5 kobolds
  2 quokkas
  8 ball pythons
  6 bats
  3 frilled lizards (D:2)
  6 rats
66 creatures vanquished.

Notes
Turn   | Place    | Note
-------+----------+-------------------------------------------
     0 | D:1      | SeerSkye the Ghoul Conjurer began the quest for the Orb.
     0 | D:1      | Reached XP level 1. HP: 14/14 MP: 2/2
   177 | D:1      | Reached skill level 1 in Unarmed Combat
   177 | D:1      | Reached XP level 2. HP: 17/20 MP: 3/3
   269 | D:1      | Learned a level 2 spell: Searing Ray
   556 | D:1      | Reached XP level 3. HP: 27/27 MP: 1/4
   898 | D:1      | Reached skill level 1 in Fighting
  1185 | D:2      | Reached XP level 4. HP: 19/35 MP: 0/5
  1383 | D:3      | Found a shimmering blue altar of Sif Muna.
  1471 | D:3      | Became a worshipper of Sif Muna the Loreminder
  1548 | D:3      | Found a shadowy altar of Dithmenos.
  1947 | D:2      | Found a hide-covered altar of Uskayaw.
  2106 | D:3      | Found a faded altar of an unknown god.
  2199 | D:3      | Reached * piety under Sif Muna
  2590 | D:3      | Noticed Natasha
  2693 | D:4      | Noticed Ijyb
  2747 | D:4      | Slain by Ijyb

Illustrated notes

Levels and vault maps discovered:
D:1:      nagdon_arrival_zigzag_paths, layout_loops_corners
D:2:      layout_loops_cross, basic_altar, minivault_27
D:3:      layout_basic, mainiacjoe_overflow_catwalk, grunt_temple_overflow_open,
          shapermc_ecumenical_altar_notcrosses, nrook_loot_triangle,
          uniq_natasha
D:4:      nicolae_cairo_tiling_large_dashed, layout_loops_ring, uniq_ijyb

Skill      XL: |  1  2  3  4 |
---------------+-------------+-----
Unarmed Combat | 1 2 3 |  3.6
Fighting       | 1 |  1.5
Spellcasting   | 2 |  2.0
Dodging        | |  1.7
Stealth        | |  2.1
Conjurations   | |  3.4

Action                     |  1- 3 |  4- 6 || total
---------------------------+-------+-------++-------
  Melee: Unarmed           |    86 |    51 ||   137
         Punch             |       |     1 ||     1
   Cast: Magic Dart        |    48 |    62 ||   110
         Searing Ray       |       |     1 ||     1
    Use: Scroll            |     1 |     2 ||     3
         Potion            |       |     2 ||     2
   Stab: Sleeping          |     6 |     2 ||     8
 Armour: Robe              |    20 |    19 ||    39
  Dodge: Dodged            |    50 |    43 ||    93
